 Dungeon Crawl Stone Soup version 0.28-a0-1404-g4df0f3684d (webtiles) character file.

Game seed: 870174746897426122

129 fragbeetle the Insei (level 4, -6/36 HPs)
             Began as a Draconian Transmuter on Jan 5, 2022.
             Was a Follower of the Shining One.
             Killed by divine providence
             ... invoked by an orc priest
              (13 damage)
             ... on level 3 of the Dungeon.
             The game lasted 00:03:33 (2191 turns).

fragbeetle the Insei (Draconian Transmuter)         Turns: 2191, Time: 00:03:33

Health: -6/36      AC:  5    Str: 12    XL:     4   Next: 88%
Magic:  7/7        EV: 12    Int: 14    God:    the Shining One [*.....]
Gold:   98         SH:  0    Dex: 13    Spells: 6/7 levels left

rFire   . . .      SeeInvis .     - Unarmed
rCold   . . .      Faith    .   (no shield)
rNeg    . . .      Spirit   .   (armour unavailable)
rPois   .          Reflect  .   (helmet restricted)
rElec   .          Harm     .   (no cloak)
rCorr   .          Rampage  .   (no gloves)
Will    .....                   (no boots)
Stlth   +.........              (no amulet)
HPRegen 0.12/turn               (no ring)
MPRegen 0.10/turn               (no ring)

@: glowing
A: AC +5, unfitting armour, cold-blooded
a: Renounce Religion, Divine Shield


You were on level 3 of the Dungeon.
You worshipped the Shining One.
The Shining One was aware of your devotion.
You visited 1 branch of the dungeon, and saw 3 of its levels.

You collected 98 gold pieces.

Inventory:

Missiles
 c - 70 stones
Jewellery
 i - the ring "Tuzuv" {Fly rN+ Int+6 Dex-4}
   (You found it on level 2 of the Dungeon)

   [ring of flight]

   Int:       It affects your intelligence (+6).
   Dex:       It affects your dexterity (-4).
   rN:        It protects you from negative energy.
   Fly:       It grants you flight.
Scrolls
 a - a scroll of noise {unknown}
 b - a scroll of blinking {unknown}
 g - 2 scrolls of identify {unknown}
 h - a scroll of silence {unknown}
Potions
 d - a potion of cancellation {unknown}
 e - a potion of invisibility {unknown}
 f - 2 potions of attraction {unknown}


   Skills:
 + Level 2.1 Fighting
 + Level 2.4 Dodging
 * Level 4.0 Unarmed Combat
 - Level 2.0 Spellcasting
 * Level 3.4 Transmutations


You had 6 spell levels left.
You knew the following spells:

 Your Spells              Type           Power      Damage    Failure   Level
a - Beastly Appendage     Tmut           20%        N/A       6%          1

Your spell library contained the following spells:

 Spells                   Type           Power      Damage    Failure   Level
 Wereblood                Tmut           10%        N/A       9%          2
 Spider Form              Tmut/Pois      6%         N/A       34%         3
 Dazzling Flash           Conj/Hex       2%         N/A       56%         3
 Ice Form                 Ice/Tmut       6%         N/A       75%         4
 Iskenderun's Mystic Bla  Conj/Tloc      1%         2d3       93%         4
 Starburst                Conj/Fire      0%         6d3       100%        6


Dungeon Overview and Level Annotations

Branches:
Dungeon (3/15)

Altars:
The Shining One

Annotations:
D:3 Robin


Innate Abilities, Weirdness & Mutations

Your plain brown scales are hard. (AC +5)
You cannot fit into any form of body armour.
You are cold-blooded and may be slowed by cold attacks.


Message History

You hit the orc. You headbutt the orc, but do no damage.
The orc is severely wounded.
The orc hits you but does no damage.
You hit the orc but do no damage. You claw the orc. You tail-slap the orc.
You kill the orc!
A goblin comes into view. It is wielding a +0 club.
You hit the orc wizard. Your kick misses the orc wizard.
You tail-slap the orc wizard, but do no damage.
The orc wizard is moderately wounded.
The orc wizard closely misses you.
You hit the orc wizard but do no damage.
You claw the orc wizard. You headbutt the orc wizard.
The orc wizard is almost dead.
A goblin comes into view. It is wielding a +0 club.
The orc wizard points at you and mumbles some strange words.
The puff of flame hits you.
You hit the orc wizard.
You kill the orc wizard!
Your Unarmed Combat skill increases to level 4!
You hit the orc priest but do no damage.
You tail-slap the orc priest, but do no damage.
The orc priest barely misses you.
You completely miss the orc priest. Your kick misses the orc priest.
Your horns disappear.
Your talons disappear.
The orc priest hits you with a +0 falchion!
Robin of the Strong Arm comes into view.
They are wielding a +0 whip.
Robin shouts!
You hit the orc priest but do no damage.
The orc priest hits you with a +0 falchion.
Robin roars a battlecry!
The goblins go into a battle-frenzy!
You hear a shout!
The orc priest looks satisfied for a moment.
There is an escape hatch in the floor here.
The orc priest mumbles some strange prayers to Beogh against you.
Pain shoots through your body!
* * * LOW HITPOINT WARNING * * *
The orc priest invokes the aid of Beogh against you.
Beogh smites you!
You die...

#...<..# ##.#.##.#
#.......# #....#..#
#..###..######## ..
#...##.........# #####.
#......).......#
......##...##.#.......#
.......@†.>..........#
.....##.######.......#
.#####.#..†# #.......#
........>..# #.......#
.#####go..# #########
#.#.## #o#.# #g#.#
gg#.#


You could see an orc priest, an orc, a hobgoblin (strong) and a goblin (strong).

Vanquished Creatures
  An orc wizard (D:3)
  4 adders (D:2)
  3 worms (D:2)
  3 dart slugs
  2 orcs (D:3)
  2 endoplasms
  4 giant cockroaches
  4 goblins
  8 hobgoblins
  6 kobolds
  2 quokkas
  6 ball pythons
  A bat (D:2)
  4 frilled lizards
  3 rats
53 creatures vanquished.

Notes
Turn   | Place    | Note
-------+----------+-------------------------------------------
     0 | D:1      | fragbeetle the Draconian Transmuter began the quest for the
                  | Orb.
     0 | D:1      | Reached XP level 1. HP: 16/16 MP: 3/3
   408 | D:1      | You fall into a shaft and drop 1 floor!
   417 | D:2      | Reached XP level 2. HP: 22/23 MP: 3/5
   946 | D:1      | Reached XP level 3. HP: 25/28 MP: 4/6
  1378 | D:2      | Reached XP level 4. HP: 12/36 MP: 5/7
  1779 | D:2      | Found a faded altar of an unknown god.
  1784 | D:2      | Prayed at the altar of an unknown god.
  1784 | D:2      | Became a worshipper of the Shining One
  1784 | D:2      | Reached * piety under the Shining One
  1982 | D:2      | Identified the ring "Tuzuv" {Fly rN+ Int+6 Dex-4}
  2183 | D:3      | Reached skill level 4 in Unarmed Combat
  2184 | D:3      | Noticed Robin
  2191 | D:3      | Killed from afar by an orc priest

Illustrated notes

Levels and vault maps discovered:
D:1:      onia_arrival_pentagram, layout_loops_ring
D:2:      layout_rooms, shapermc_ecumenical_altar_notcrosses, dk_noncrumbling_3,
          chequers_serial_rivers_marsh, minmay_cupped
D:3:      layout_loops_cross, hangedman_feature_mirror, st_stairs_9,
          uniq_terence, uniq_robin

Skill      XL: |  1  2  3  4 |
---------------+-------------+-----
Dodging        | 2 |  2.4
Transmutations | 3 |  3.4
Fighting       | 2 |  2.1
Unarmed Combat | 4 |  4.0
Spellcasting   | |  2.0

Action                   |  1- 3 |  4- 6 || total
-------------------------+-------+-------++-------
Melee: Unarmed           |    82 |    46 ||   128
       Kick              |    17 |    13 ||    30
       Tailslap          |     5 |    11 ||    16
       Headbutt          |    11 |     7 ||    18
       Punch             |     4 |     1 ||     5
 Cast: Beastly Appendage |    27 |     9 ||    36
 Stab: Sleeping          |     1 |       ||     1
Armor: Skin              |    19 |     8 ||    27
Dodge: Dodged            |    37 |    17 ||    54

Table legend: (Time is in decaauts)
 A = Elapsed time spent in this place.
 B = Non-inter-level travel time spent in this place.
 C = Inter-level travel time spent in this place.
 D = Time resting spent in this place.
 E = Time spent auto-exploring this place.
 F = Levels seen in this place.
 G = Mean time per level.
                   A        B        C        D        E       F      G
               +--------+--------+--------+--------+--------+-----+--------+
         Total |   2186 |   2143 |     43 |    246 |   1488 |   3 |  728.7 |
       Dungeon |   2186 |   2143 |     43 |    246 |   1488 |   3 |  728.7 |
               +--------+--------+--------+--------+--------+-----+--------+

Top non-repeatable levels by time:
     D:1: 1207 daAuts
     D:2: 933 daAuts
     D:3: 46 daAuts
